 Dungeon Crawl Stone Soup version 0.29-a0-668-g12ee2bf84d (webtiles) character file.

Game seed: 17929273324631745793

2469 jlumianski the Cleaver (level 9, -5/62 HPs)
             Began as a Demonspawn Fighter on June 24, 2022.
             Was a Believer of Hepliaklqana.
             Slain by Maggie
             ... wielding a +2 glaive of pain
              (12 damage)
             ... on level 7 of the Dungeon.
             The game lasted 00:25:46 (7330 turns).

jlumianski the Cleaver (Demonspawn Fighter)         Turns: 7330, Time: 00:25:46

Health: -5/62      AC: 18    Str: 20    XL:     9   Next: 26%
Magic:  9/9        EV:  7    Int:  9    God:    Hepliaklqana [**....]
Gold:   429        SH:  0    Dex: 14    Spells: 8/8 levels left

rFire   . . .      SeeInvis .   a - +1 war axe
rCold   . . .      Faith    .   (no shield)
rNeg    . . .      Spirit   .   z - +0 plate armour
rPois   .          Reflect  .   (no helmet)
rElec   .          Harm     .   r - +0 cloak
rCorr   .          Rampage  .   (gloves unavailable)
Will    .....                   j - +1 pair of boots
Stlth   ..........              (no amulet)
HPRegen 0.20/turn               (no ring)
MPRegen 0.11/turn               (no ring)

@: mesmerised, slowed, very slow
A: reduced essence, icy blue scales 2, demonic touch 3
a: Renounce Religion, Recall Ancestor, Ancestor Identity


You were on level 7 of the Dungeon.
You worshipped Hepliaklqana.
Hepliaklqana was pleased with you.
You visited 2 branches of the dungeon, and saw 8 of its levels.
You also visited: Ossuary.

You collected 429 gold pieces.

Inventory:

Hand Weapons
 a - a +1 war axe (weapon)
 e - a +0 club
 k - a +2 dagger of venom
 y - a +3 quarterstaff of chaos
 B - a +2 halberd of protection
Missiles
 f - 74 stones
 q - 10 poisoned darts (quivered)
 u - 4 boomerangs
 A - a curare-tipped dart
Armour
 b - a +0 scale mail
 c - a +0 buckler
 d - +0 steam dragon scales
 j - a +1 pair of boots (worn)
 o - a +1 pair of gloves
 r - a +0 cloak (worn)
 z - a +0 plate armour (worn)
Wands
 i - a wand of charming (4)
 F - a wand of digging (5)
Scrolls
 l - 4 scrolls of teleportation
 n - 4 scrolls of fear
 C - a scroll of magic mapping
 D - 2 scrolls of enchant weapon
 E - 2 scrolls of amnesia
 G - a scroll of summoning
Potions
 g - 3 potions of invisibility
 h - a potion of heal wounds
 m - a potion of berserk rage {unknown}
 p - a potion of degeneration
 s - 2 potions of flight {unknown}
 t - 4 potions of haste
 v - 3 potions of brilliance
 x - a potion of cancellation {unknown}
 H - a potion of ambrosia {unknown}


   Skills:
 + Level 6.1 Fighting
 + Level 8.7 Axes
 + Level 0.9 Throwing
 + Level 4.9 Armour
 + Level 2.8 Dodging
 + Level 2.1 Stealth
 + Level 3.1 Shields


You had 8 spell levels left.
You didn't know any spells.
Your spell library contained the following spells:

 Spells                   Type           Power      Damage    Failure   Level
 Apportation              Tloc           0%         N/A       100%        1
 Necrotize                Necr           0%         1d4       100%        1
 Summon Small Mammal      Summ           0%         N/A       100%        1
 Conjure Flame            Conj/Fire      0%         6-21      100%        3
 Gell's Gravitas          Tloc           0%         N/A       100%        3
 Ignite Poison            Fire/Tmut/Pois 0%         N/A       100%        3
 Lesser Beckoning         Tloc           0%         N/A       100%        3
 Teleport Other           Tloc           0%         N/A       100%        3
 Sticky Flame             Conj/Fire      0%         2d3       100%        4


Dungeon Overview and Level Annotations

Branches:
Dungeon (7/15)             Temple (1/1) D:5         Ossuary (visited)

Altars:
Ashenzari
Cheibriados
Elyvilon
Fedhas
Gozag
Hepliaklqana
Kikubaaqudgha
Makhleb
Nemelex Xobeh
Ru
Sif Muna
Trog
Uskayaw
Vehumet
Xom
Yredelemnul
Zin
The Shining One

Annotations:
D:7 Maggie


Innate Abilities, Weirdness & Mutations

Your life essence is reduced to manifest your ancestor. (-10% HP)
You are mostly covered in icy blue scales. (AC +3)
Your touch may irresistibly damage your foes and sap their willpower.


Message History

You feel as though you will be slow longer.
Maggie closely misses you. The hornet barely misses you.
You closely miss the hornet. Your touch misses the hornet.
The hornet is moderately wounded.
You feel very sick.
The hornet stings you but does no damage.
Maggie hits you from afar with a +2 glaive of pain!
You writhe in agony.
The hornet stings you but does no damage.
You hit the hornet.
The hornet is moderately wounded.
You feel sick.
The hornet stings you but does no damage.
Maggie hits you from afar with a +2 glaive of pain.
You writhe in agony.
The hornet stings you.
You feel as though you will be slow longer.
Maggie hits you but does no damage.
You writhe in agony.
You slash the hornet! Your touch misses the hornet.
The hornet is heavily wounded.
You feel sick.
The hornet stings you but does no damage.
The hornet stings you.
* * * LOW HITPOINT WARNING * * *
You are more poisoned.
You suddenly lose the ability to move!
Maggie hits you from afar with a +2 glaive of pain.
* * * LOW HITPOINT WARNING * * *
You writhe in agony.
* * * LOW HITPOINT WARNING * * *
You can move again.
You feel better. The hornet stings you.
* * * LOW HITPOINT WARNING * * *
You feel as though you will be slow longer.
Maggie hits you from afar with a +2 glaive of pain.
* * * LOW HITPOINT WARNING * * *
You writhe in agony.
* * * LOW HITPOINT WARNING * * *
The hornet stings you but does no damage.
Maggie hits you from afar with a +2 glaive of pain!
You die...

#### ...## #...
#..# #.>######
#........ ####.#
#.†.@######.#
#....y@.....#
#######[.########.#
.........#
#######.## #<# #.#
#.# #.# #.#


You could see Maggie (mesmerising) and a hornet.

Vanquished Creatures
  Sigmund (D:4)
  Edmund (D:4)
  A water moccasin (D:5)
  An ice beast (D:6)
  A black bear (D:5)
  Blork the orc (D:4)
  A kobold brigand (D:3)
  3 elf zombies (Ossuary)
  3 necrophages
  4 scorpions
  2 howler monkeys (D:3)
  A gnoll shaman (D:5)
  An orc priest (D:4)
  4 centaur zombies (Ossuary)
  5 human zombies (Ossuary)
  Crazy Yiuf (D:3)
  4 hounds
  An iguana (D:5)
  Natasha (D:4)
  An orc wizard (D:3)
  3 mummies (Ossuary)
  27 gnolls
  8 adders
  A shadow imp (D:4)
  A white imp (D:5)
  An ufetubus (D:5)
  2 dart slugs
  28 orcs
  6 ball pythons
  4 endoplasms
  A giant cockroach (D:4)
  8 goblins
  8 hobgoblins
  12 jackals (D:3)
  4 kobolds
  7 quokkas
  2 bats
  3 frilled lizards
  7 rats
171 creatures vanquished.

Vanquished Creatures (collateral kills)
  An orc (D:6)
  A quokka (D:5)
2 creatures vanquished.

Vanquished Creatures (others)
  A battlemage (D:7)
  2 fungi (D:3)
  8 plants (D:3)
11 creatures vanquished.

Grand Total: 184 creatures vanquished

Notes
Turn   | Place    | Note
-------+----------+-------------------------------------------
     0 | D:1      | jlumianski the Demonspawn Fighter began the quest for the
                  | Orb.
     0 | D:1      | Reached XP level 1. HP: 18/18 MP: 1/1
    53 | D:1      | Gained mutation: You are partially covered in icy blue
                  | scales. (AC +2) [demonic ancestry]
    53 | D:1      | Reached XP level 2. HP: 16/24 MP: 2/2
    62 | D:1      | Reached skill level 2 in Axes
   897 | D:2      | Gained mutation: Your touch may inflict minor irresistible
                  | damage on your foes. [demonic ancestry]
   897 | D:2      | Reached XP level 3. HP: 20/29 MP: 3/3
  1391 | D:2      | Reached XP level 4. HP: 22/35 MP: 4/4
  1699 | D:2      | Found a faded altar of an unknown god.
  1783 | D:3      | Found a broken altar of Ashenzari.
  1845 | D:3      | Reached skill level 3 in Axes
  1890 | D:4      | Noticed Blork the orc
  1901 | D:4      | Killed Blork the orc
  1902 | D:4      | Reached skill level 1 in Dodging
  1902 | D:4      | Reached XP level 5. HP: 11/42 MP: 5/5
  2446 | D:3      | Found a runed translucent door.
  2447 | D:3      | Noticed Crazy Yiuf
  2584 | D:3      | Reached skill level 4 in Axes
  2584 | D:3      | Reached XP level 6. HP: 8/48 MP: 6/6
  3123 | D:3      | Reached skill level 1 in Stealth
  3353 | D:3      | Gained mutation: Your touch may inflict irresistible damage
                  | on your foes. [demonic ancestry]
  3353 | D:3      | Reached XP level 7. HP: 52/54 MP: 7/7
  3563 | D:3      | Reached skill level 5 in Axes
  3932 | D:3      | Killed Crazy Yiuf
  4194 | D:5      | Entered Level 5 of the Dungeon
  4210 | D:5      | Found a staircase to the Ecumenical Temple.
  4219 | Temple   | Entered the Ecumenical Temple
  4453 | Temple   | Became a worshipper of Hepliaklqana the Forgotten
  4566 | D:5      | Found a sand-covered staircase.
  4577 | Ossuary  | Entered an ossuary
  4648 | Ossuary  | Reached skill level 6 in Axes
  4660 | Ossuary  | Gained mutation: You are mostly covered in icy blue scales.
                  | (AC +3) [demonic ancestry]
  4660 | Ossuary  | Reached XP level 8. HP: 46/61 MP: 8/8
  4761 | Ossuary  | Reached skill level 5 in Fighting
  4788 | D:5      | Reached skill level 7 in Axes
  5115 | D:4      | Found a basalt altar of Yredelemnul.
  5143 | D:4      | Noticed Edmund
  5162 | D:4      | Killed Edmund
  5411 | D:4      | Reached * piety under Hepliaklqana
  5494 | D:4      | Noticed Sigmund
  5501 | D:4      | Killed Sigmund
  5632 | D:4      | Noticed Natasha
  5637 | D:4      | Killed Natasha
  5638 | D:4      | Reached skill level 8 in Axes
  5992 | D:5      | Gained mutation: Your touch may irresistibly damage your
                  | foes and sap their willpower. [demonic ancestry]
  5992 | D:5      | Reached XP level 9. HP: 55/61 MP: 9/9
  7309 | D:7      | Noticed Maggie
  7315 | D:7      | Reached ** piety under Hepliaklqana
  7316 | D:7      | Remembered your ancestor Ealdgyð as a battlemage
  7329 | D:7      | Paralysed by a hornet for 1 turns
  7330 | D:7      | Slain by Maggie

Illustrated notes

Levels and vault maps discovered:
D:1:      giann_horns, layout_rooms, minmay_misc_feat_alley
D:2:      layout_rooms, dreamdust_ecumenical_altar_hidden_monk_grotto
D:3:      lemuel_castle_with_subvaults [lemuel_castle_interior_carwin_2],
          layout_loops_cross, mainiacjoe_overflow_alcove_4, grunt_ministairs_6,
          chequers_serial_rivers_small_a, serial_bayou_pond_a,
          uniq_crazy_yiuf_cottage
D:4:      layout_basic, kennysheep_ying_yang, uniq_natasha, uniq_blork_the_orc,
          uniq_edmund, uniq_sigmund
D:5:      layout_basic, minmay_temple_entry_slanted, serial_rivers,
          chequers_serial_rivers_micro_d, chequers_serial_rivers_small_b,
          chequers_serial_rivers_micro_c, chequers_serial_rivers_micro_a,
          chequers_serial_rivers_small_a, chequers_serial_rivers_marsh,
          nicolae_ossuary_entry_monument, minmay_quadrilaterals
D:6:      layout_loops_ring, serial_rivers, chequers_serial_rivers_micro_e,
          chequers_serial_rivers_room_b, chequers_serial_rivers_micro_a,
          chequers_serial_rivers_small_3
D:7:      layout_loops_ring, nrook_campfire, uniq_maggie
Temple:   regret_index_temple_generic_petals

Skill      XL: |  1  2  3  4  5  6  7  8  9 |
---------------+----------------------------+-----
Axes           | 2 3 4 6 8 |  8.7
Shields        | 3 |  3.1
Armour         | 3 4 |  4.9
Dodging        | 1 2 |  2.8
Fighting       | 4 5 6 |  6.1
Stealth        | 1 2 |  2.1
Throwing       | |  0.9

Action                   |  1- 3 |  4- 6 |  7- 9 || total
-------------------------+-------+-------+-------++-------
Melee: War axe           |    90 |   119 |   266 ||   475
       Touch             |     3 |    20 |    60 ||    83
       Punch             |       |       |     3 ||     3
Throw: Dart              |       |       |     6 ||     6
Invok: Ancestor Life: Ba |       |       |     1 ||     1
Evoke: Wand              |       |       |     1 ||     1
  Use: Scroll            |     1 |     9 |     5 ||    15
       Potion            |       |     3 |     2 ||     5
 Stab: Invisible         |       |     3 |       ||     3
       Distracted        |       |       |     3 ||     3
Armor: Scale mail        |    62 |    25 |       ||    87
       Steam dragon scal |       |    47 |    23 ||    70
       Skin              |       |     2 |       ||     2
       Plate armour      |       |       |   181 ||   181
Dodge: Dodged            |    37 |   109 |   129 ||   275
Block: Buckler           |    28 |       |       ||    28

Table legend: (Time is in decaauts)
 A = Elapsed time spent in this place.
 B = Non-inter-level travel time spent in this place.
 C = Inter-level travel time spent in this place.
 D = Time resting spent in this place.
 E = Time spent auto-exploring this place.
 F = Levels seen in this place.
 G = Mean time per level.
                   A        B        C        D        E       F      G
               +--------+--------+--------+--------+--------+-----+--------+
         Total |   7489 |   7293 |    196 |    697 |   3756 |   9 |  832.1 |
       Dungeon |   6974 |   6798 |    176 |    697 |   3568 |   7 |  996.3 |
        Temple |    296 |    276 |     20 |      0 |    183 |   1 |  296.0 |
       Ossuary |    218 |    218 |      0 |      0 |      5 |   1 |  218.0 |
               +--------+--------+--------+--------+--------+-----+--------+

Top non-repeatable levels by time:
     D:3: 2295 daAuts
     D:5: 1543 daAuts
     D:4: 1316 daAuts
     D:1: 945 daAuts
     D:2: 796 daAuts
  Temple: 296 daAuts
 Ossuary: 218 daAuts
     D:7: 38 daAuts
     D:6: 38 daAuts
